 Dungeon Crawl Stone Soup version 0.30-a0-1070-gd49b78fada (console) character file.

Game seed: 14943366051350062961

8751 Kenran the Cleaver (level 11, -8/104 HPs)
             Began as a Hill Orc Fighter on Apr 12, 2023.
             Was a Priest of Nemelex Xobeh.
             Killed by the air
             ... invoked by a blizzard demon
              (10 damage)
             ... on level 2 of the Abyss on Apr 13, 2023.
             The game lasted 00:33:39 (10393 turns).

Kenran the Cleaver (Hill Orc Fighter)              Turns: 10393, Time: 00:33:39

Health: -8/104     AC: 15    Str: 24    XL:     11   Next: 35%
Magic:  17/17      EV:  6    Int:  8    God:    Nemelex Xobeh [***...]
Gold:   512        SH:  5    Dex: 10    Spells: 10/10 levels left

rFire   + . .      SeeInvis .    r - +0 war axe (flame)
rCold   + . .      Faith    .    c - +0 buckler
rNeg    . . .      Spirit   .    h - +0 plate armour
rPois   +          Reflect  .    (no helmet)
rElec   +          Rampage  .    (no cloak)
rCorr   +                        i - +0 pair of gloves
Will    .....                    m - +0 pair of boots Stlth
                                 (no amulet)
HPRegen 0.37/turn                J - ring of poison resistance
MPRegen 0.15/turn                (no ring)

@: mighty, resistant, on berserk cooldown, slowed, very slow
A: no striking features
a: Renounce Religion, Draw Escape, Draw Destruction, Draw Summoning, Triple Draw


You were on level 2 of the Abyss.
You worshipped Nemelex Xobeh.
Nemelex Xobeh was most pleased with you.
You visited 1 branch of the dungeon, and saw 10 of its levels.
You visited the Abyss 1 time.

You collected 602 gold pieces.
You spent 90 gold pieces at shops.

Inventory:

Hand Weapons
 r - a +0 war axe of flaming (weapon)
 v - the +11 dagger of Eckul {protect, Will+}
   (You found it on level 5 of the Dungeon)

   Will:      It increases your willpower.
 D - a +0 vampiric broad axe
Missiles
 n - 2 atropa-tipped darts (quivered)
 w - 7 curare-tipped darts
Armour
 c - a +0 buckler (worn)
 h - a +0 plate armour (worn)
 i - a +0 pair of gloves (worn)
 m - a +0 pair of boots (worn)
Jewellery
 J - a ring of poison resistance (left hand)
Wands
 u - a wand of paralysis (3)
 x - a wand of acid (9)
 G - a wand of roots (1)
 H - a wand of mindburst (2)
Scrolls
 a - 4 scrolls of vulnerability {!r}
 g - a scroll of enchant armour
 o - 5 scrolls of teleportation
 q - a scroll of fog
 y - a scroll of brand weapon
 z - a scroll of fear
 A - 2 scrolls of immolation {!r}
 C - 2 scrolls of magic mapping
 F - 2 scrolls of amnesia
 I - a scroll of noise {unknown}
 K - a scroll of enchant weapon {unknown}
Potions
 b - a potion of attraction {unknown}
 e - a potion of degeneration {unknown}
 f - 2 potions of brilliance {unknown}
 j - a potion of heal wounds {@q2}
 k - 2 potions of mutation {unknown}
 l - 8 potions of curing {@q1}
 p - 4 potions of haste {unknown}
 s - 2 potions of resistance
 t - 2 potions of flight {unknown}
 B - 2 potions of magic {unknown}
 E - a potion of ambrosia {unknown}


   Skills:
 - Level 12.0 Fighting
 + Level 14.4 Axes
 - Level 7.0 Armour
 - Level 6.0 Shields
 - Level 8.0 Invocations


You had 10 spell levels left.
You didn't know any spells.
Your spell library contained the following spells:

 Spells                   Type           Power      Damage    Failure   Level
 Necrotise                Necr           0%         1d4       100%        1
 Summon Small Mammal      Summ           0%         N/A       100%        1
 Call Canine Familiar     Summ           0%         N/A       100%        3
 Gell's Gravitas          Tloc           0%         N/A       100%        3
 Summon Guardian Golem    Hex/Summ       0%         N/A       100%        3
 Teleport Other           Tloc           0%         N/A       100%        3
 Tukima's Dance           Hex            0%         N/A       100%        3
 Vampiric Draining        Necr           0%         2d6       100%        3
 Animate Dead             Necr           0%         N/A       100%        4
 Leda's Liquefaction      Hex/Erth       0%         N/A       100%        4
 Passage of Golubria      Tloc           0%         N/A       100%        4
 Agony                    Necr           0%         N/A       100%        5
 Alistair's Intoxication  Tmut/Pois      0%         N/A       100%        5
 Borgnjor's Vile Clutch   Necr/Erth      0%         N/A       100%        5
 Lee's Rapid Deconstruct  Erth           0%         3d4*      100%        5
 Yara's Violent Unravell  Hex/Tmut       0%         3d3       100%        5
 Death Channel            Necr           0%         N/A       100%        6
 Dispersal                Tloc           0%         N/A       100%        6
 Eringya's Noxious Bog    Tmut/Pois      0%         N/A       100%        6
 Statue Form              Tmut/Erth      0%         N/A       100%        6


Dungeon Overview and Level Annotations

Branches:
Dungeon (10/15)            Temple (0/1) D:6             Orc (0/2) D:9
   Lair: D:8-11

Altars:
Fedhas
Makhleb
Nemelex Xobeh
Qazlal

Shops:
D:7 :!(

Annotations:
D:3 1 runed translucent door, martbhell's ghost, amateur MiBe
D:4 exclusion: downstairs
D:8 2 transporters
D:10 Erolcha


Message History

The blizzard demon hits you.
You barely miss the blizzard demon. The blizzard demon barely misses you.
The blizzard demon hits you!
The blizzard demon waves its arms in wide circles.
The air twists around and strikes you.
You barely miss the blizzard demon. The blizzard demon hits you. x2
You closely miss the blizzard demon. The blizzard demon gestures at you.
The freezing blast engulfs you! You resist.
You slice the blizzard demon!! You burn the blizzard demon.
The blizzard demon is moderately wounded.
You are engulfed in freezing vapours.
You resist.
The blizzard demon is engulfed in freezing vapours.
The blizzard demon hits you but does no damage. x2
You barely miss the blizzard demon.
The blizzard demon is moderately wounded.
You are engulfed in freezing vapours.
You resist.
* * * LOW HITPOINT WARNING * * *
The blizzard demon is engulfed in freezing vapours.
The blizzard demon hits you.
* * * LOW HITPOINT WARNING * * *
The blizzard demon hits you!
* * * LOW HITPOINT WARNING * * *
You feel much better.
You are engulfed in freezing vapours.
You resist.
* * * LOW HITPOINT WARNING * * *
The blizzard demon is engulfed in freezing vapours.
The blizzard demon hits you!
* * * LOW HITPOINT WARNING * * *
The blizzard demon hits you!
* * * LOW HITPOINT WARNING * * *
A raiju comes into view.
The blizzard demon closely misses you.
The blizzard demon hits you but does no damage.
The raiju barks!
You slash the blizzard demon! You burn the blizzard demon.
The blizzard demon is heavily wounded.
You hear a bark!
The blizzard demon waves its arms in wide circles.
The air twists around and strikes you!
You die...
Your body disappears without a glow.

#.#### . ..#..
# # # .. #.. .
. # .. .. # # .
.# .... # ##.#
...### # #. ..
..#.#ยง # .
##.# # .. .....
# ... ....# .
.#. #.# ..
.......###.####
# .. #
###.@...# ..
#..###2.### #.
... #. ..#.##
#... . # #####
.. .. ....
.#### ## ....
#.. .# . ... .
. .. . ..#...


You could see a blizzard demon.

Vanquished Creatures
  A blizzard demon (Abyss:2)
  A great orb of eyes (Abyss:2)
  A smoke demon (Abyss:2)
  An efreet (D:8)
  A komodo dragon (D:8)
  A hornet (D:7)
  A shadow (D:9)
  9 yaks
  A small abomination (Abyss:2)
  A wyvern (D:7)
  A steam dragon (D:9)
  Edmund (D:4)
  3 water moccasins
  2 orc warriors (D:9)
  A sky beast (D:8)
  4 ice beasts
  A black bear (D:5)
  A centaur (D:9)
  An ogre (D:7)
  A phantom (D:7)
  2 kobold brigands
  4 bullfrogs
  Blork the orc (D:6)
  A gnoll sergeant (D:9)
  A scorpion (D:5)
  9 wights
  21 killer bees
  3 howler monkeys (D:8)
  3 jellies
  4 hounds
  A gnoll bouda (D:7)
  4 orc priests
  2 iguanas
  3 sleepcaps
  10 orc wizards
  13 gnolls
  8 adders
  A white imp (D:8)
  2 worms
  5 dart slugs
  33 orcs
  3 bats
  10 endoplasms
  2 giant cockroaches
  5 goblins
  4 hobgoblins
  5 quokkas
  7 ball pythons
  3 frilled lizards
  18 kobolds
  9 rats
231 creatures vanquished.

Vanquished Creatures (others)
  6 plants (D:8)
6 creatures vanquished.

Grand Total: 237 creatures vanquished

Notes
Turn   | Place    | Note
-------+----------+-------------------------------------------
     0 | D:1      | Kenran the Hill Orc Fighter began the quest for the Orb.
     0 | D:1      | Reached XP level 1. HP: 19/19 MP: 1/1
    69 | D:1      | Reached skill level 3 in Axes
   133 | D:1      | Reached XP level 2. HP: 22/26 MP: 2/2
   245 | D:1      | Reached skill level 4 in Axes
   456 | D:1      | Reached XP level 3. HP: 30/31 MP: 3/3
   875 | D:2      | Reached skill level 5 in Axes
   898 | D:2      | Found a faded altar of an unknown god.
   999 | D:2      | Reached XP level 4. HP: 39/39 MP: 4/4
  1385 | D:3      | Reached skill level 6 in Axes
  1613 | D:3      | Found a runed translucent door.
  1613 | D:3      | Noticed a scorpion
  1614 | D:3      | Noticed martbhell's ghost (amateur MiBe)
  2157 | D:4      | Noticed a water moccasin
  2158 | D:4      | Found a sparkling altar of Nemelex Xobeh.
  2158 | D:4      | Found a transporter.
  2276 | D:4      | Noticed Edmund
  2287 | D:4      | Killed Edmund
  2288 | D:4      | Reached skill level 7 in Axes
  2288 | D:4      | Reached XP level 5. HP: 40/46 MP: 5/5
  2288 | D:4      | Reached XP level 6. HP: 46/52 MP: 6/6
  2349 | D:4      | Reached skill level 8 in Axes
  2385 | D:4      | Found a transporter.
  2606 | D:5      | Entered Level 5 of the Dungeon
  2606 | D:5      | Found a blossoming altar of Fedhas.
  2658 | D:5      | Reached skill level 5 in Fighting
  2658 | D:5      | Reached XP level 7. HP: 47/61 MP: 7/7
  2661 | D:5      | Reached skill level 9 in Axes
  2928 | D:5      | Identified the +11 dagger of Eckul {protect, Will+}
  2976 | D:5      | Reached skill level 10 in Axes
  3440 | D:5      | Reached XP level 8. HP: 62/70 MP: 8/8
  3567 | D:5      | Noticed a yak
  3567 | D:5      | Noticed a yak
  3584 | D:5      | Killed a yak
  3585 | D:5      | Reached skill level 11 in Axes
  3585 | D:5      | Noticed a yak
  3585 | D:5      | Noticed a yak
  3779 | D:4      | Killed a yak
  4116 | D:5      | Found a stormy altar of Qazlal.
  4116 | D:5      | Found a burning altar of Makhleb.
  4225 | D:4      | Reached skill level 5 in Armour
  4255 | D:4      | Became a worshipper of Nemelex Xobeh the Trickster
  4343 | D:5      | Found a blossoming altar of Fedhas.
  4361 | D:5      | Killed a yak
  4362 | D:5      | Reached skill level 1 in Invocations
  4362 | D:5      | Reached XP level 9. HP: 56/81 MP: 8/10
  4794 | D:5      | Found a stormy altar of Qazlal.
  4794 | D:5      | Found a burning altar of Makhleb.
  5239 | D:6      | Found a staircase to the Ecumenical Temple.
  5886 | D:6      | Noticed Blork the orc
  5897 | D:6      | Killed Blork the orc
  5898 | D:6      | Reached skill level 12 in Axes
  5908 | D:6      | Reached skill level 5 in Invocations
  6082 | D:7      | Reached * piety under Nemelex Xobeh
  6186 | D:7      | Found Anwaozow's Weapon Emporium.
  6192 | D:7      | Bought a +0 broad axe for 48 gold pieces
  6468 | D:7      | Found Jouhoux's Distillery.
  6487 | D:7      | Bought a potion of curing for 42 gold pieces
  6512 | D:7      | Received a gift from Nemelex Xobeh
  6557 | D:7      | Noticed a hornet
  6566 | D:7      | Killed a hornet
  6609 | D:7      | Found Ceis's Book Boutique.
  6896 | D:7      | Reached ** piety under Nemelex Xobeh
  7015 | D:8      | Reached XP level 10. HP: 89/90 MP: 13/13
  7096 | D:8      | Reached skill level 13 in Axes
  7820 | D:8      | Found a transporter.
  7931 | D:8      | Found a transporter.
  8285 | D:8      | Upgraded the game from 0.30-a0-1059-g7dea3e163d to
                  | 0.30-a0-1070-gd49b78fada
  8316 | D:9      | Reached skill level 10 in Fighting
  8603 | D:9      | Reached skill level 14 in Axes
  8920 | D:9      | Reached skill level 5 in Shields
  9178 | D:9      | Received a gift from Nemelex Xobeh
  9208 | D:9      | Reached XP level 11. HP: 24/101 MP: 16/16
  9684 | D:9      | Reached *** piety under Nemelex Xobeh
  9803 | D:9      | Found a staircase to the Orcish Mines.
  9988 | D:9      | Received a gift from Nemelex Xobeh
 10087 | D:10     | Entered Level 10 of the Dungeon
 10314 | D:10     | Noticed Erolcha
 10314 | Abyss:2  | Cast into level 2 of the Abyss (Erolcha)
 10352 | Abyss:2  | Noticed a blizzard demon
 10367 | Abyss:2  | Noticed a great orb of eyes
 10373 | Abyss:2  | Killed a blizzard demon
 10378 | Abyss:2  | Killed a great orb of eyes
 10381 | Abyss:2  | Noticed a blizzard demon
 10392 | Abyss:2  | HP: 2/104 [blizzard demon (11)]
 10393 | Abyss:2  | Killed from afar by a blizzard demon

Illustrated notes

Levels and vault maps discovered:
D:1:      enne_arrival_octagon_isle, layout_loops_ring, serial_rivers,
          chequers_serial_rivers_micro_e, chequers_serial_rivers_room_a,
          chequers_serial_rivers_small_3, chequers_serial_rivers_marsh,
          chequers_serial_rivers_micro_d, chequers_serial_rivers_room_b
D:2:      layout_rooms, ebering_ecumenical_altar_box
D:3:      layout_basic, ebering_ghost_inner_flame
D:4:      layout_gridville, gammafunk_temple_overflow_arena, uniq_edmund
D:5:      layout_basic, fedhas_altar_2, gammafunk_temple_overflow_elements
D:6:      layout_basic, minmay_temple_entry_ruins, uniq_blork_the_orc
D:7:      layout_gridville, serial_shops, shop,
          nicolae_shop_bloodbath_and_beyond, shop, bh_walls_and_bars
D:8:      gammafunk_cloud_chamber, layout_layer_cave,
          chequers_ossuary_entry_cave, palyth_stone_intersect,
          serial_bayou_pond_c, minivault_1, minmay_small_thing
D:9:      layout_basic, hiddenorc1_lemuel
D:10:     layout_loops_ring, uniq_nergalle, uniq_maggie, uniq_sonja,
          uniq_erolcha
Abyss:2:  base:
D:5

Skill      XL: |  1  2  3  4  5  6  7  8  9 10 11 |
---------------+----------------------------------+-----
Axes           | 3 4 5 7 8 10 11 12 14 | 14.4
Fighting       | 4 5 6 8 10 12 | 12.0
Shields        | 4 5 6 |  6.0
Armour         | 5 7 |  7.0
Invocations    | 1 5 7 8 |  8.0

Action                     |  1- 3 |  4- 6 |  7- 9 | 10-12 || total
---------------------------+-------+-------+-------+-------++-------
  Melee: War axe           |    87 |   129 |   248 |   279 ||   743
  Throw: Dart              |       |     2 |       |       ||     2
 Invoke: Draw Destruction  |       |       |       |     1 ||     1
  Evoke: Wand              |       |       |     9 |       ||     9
    Use: Scroll            |       |     4 |     6 |     2 ||    12
         Potion            |       |       |     2 |     6 ||     8
   Stab: Invisible         |       |     1 |       |       ||     1
         Paralysed         |       |       |     1 |       ||     1
 Armour: Scale mail        |    18 |       |       |       ||    18
         Plate armour      |    35 |    69 |   138 |   186 ||   428
  Dodge: Dodged            |    35 |    37 |    59 |   102 ||   233
  Block: Buckler           |    15 |    29 |    53 |    64 ||   161

Table legend: (Time is in decaauts)
 A = Elapsed time spent in this place.
 B = Non-inter-level travel time spent in this place.
 C = Inter-level travel time spent in this place.
 D = Time resting spent in this place.
 E = Time spent auto-exploring this place.
 F = Levels seen in this place.
 G = Mean time per level.
                   A        B        C        D        E       F      G
               +--------+--------+--------+--------+--------+-----+--------+
         Total |  10422 |  10152 |    270 |   1830 |   4546 |  11 |  947.5 |
       Dungeon |  10349 |  10079 |    270 |   1824 |   4546 |  10 | 1034.9 |
         Abyss |     73 |     73 |      0 |      6 |      0 |   1 |   73.0 |
               +--------+--------+--------+--------+--------+-----+--------+

Top non-repeatable levels by time:
     D:5: 2178 daAuts
     D:9: 1805 daAuts
     D:8: 1456 daAuts
     D:7: 953 daAuts
     D:4: 902 daAuts
     D:6: 864 daAuts
     D:3: 800 daAuts
     D:1: 789 daAuts
     D:2: 553 daAuts
 Abyss:2: 73 daAuts
    D:10: 45 daAuts
